 Dungeon Crawl Stone Soup version 0.31-a0-1447-g87ca8d4 (webtiles) character file.

Game seed: 18397173663229256321

88935 PublicAnimeNo1 the Fighter (level 15, -5/139 HPs)
             Began as a Demonspawn Chaos Knight on Dec 27, 2023.
             Was a Plaything of Xom.
             Killed from afar by an occultist (17 damage)
             ... with a poison arrow
             ... on level 14 of the Dungeon.
             The game lasted 00:45:02 (18517 turns).

PublicAnimeNo1 the Fighter (DsCK)                  Turns: 18517, Time: 00:45:03

Health: -5/139     AC: 20    Str: 19    XL:     15   Next: 47%
Magic:  15/15      EV: 14    Int: 12    God:    Xom [...*..]
Gold:   3709       SH:  5    Dex: 24    Spells: 14/14 levels left

rFire   . . .        u - +2 trident (distort)
rCold   + . .        C - orb "Trusted Companion" {guile, rElec rC- Slay+3}
rNeg    + . .        n - +3 ring mail {rPois}
rPois   +            d - +0 hat
rElec   +            K - +1 cloak of Qocyhuac {rN+ Will+}
rCorr   .            y - +2 pair of gloves
SInv    .            q - +2 pair of boots
Will    ++...        s - amulet of reflection
Stlth   ++++++       F - +6 ring of dexterity
HPRegen 0.00/turn    M - ring of willpower
MPRegen 0.14/turn

%: reflection, clarity
@: lethally poisoned (-5 -> -15), sick
A: hooves 1, yellow scales 2, powered by death 1, spiny 2, thin skeletal
structure 1, agile 1, clarity, cold resistance 2, strong-willed 1, sense
surroundings 1, robust 1, noise suppression, persistent drain
a: Renounce Religion


You were on level 14 of the Dungeon.
You worshipped Xom.
You were a favourite toy of Xom.
You visited 2 branches of the dungeon, and saw 19 of its levels.
You visited the Abyss 1 time.
You also visited: Bailey and Volcano.

You collected 3907 gold pieces.
You spent 198 gold pieces at shops.

Inventory:

Hand Weapons
 u - a +2 trident of distortion (weapon)
 z - a +2 trident of draining
 B - a +1 heavy demon trident
 L - a +0 broad axe of flaming
Missiles
 b - 4 throwing nets
Armour
 d - a +0 hat (worn)
 m - the +1 scale mail of the Great Game {rF+ Str+3}
   (You bought it in a shop on level 4 of the Dungeon)

   Str+3:     It affects your strength (+3).
   rF+:       It protects you from fire.
 n - a +3 ring mail of poison resistance (worn)
 q - a +2 pair of boots (worn)
 y - a +2 pair of gloves (worn)
 C - the orb "Trusted Companion" (worn) {guile, rElec rC- Slay+3}
   (You found it on level 10 of the Dungeon)

   Slay+3:    It affects your accuracy & damage with ranged weapons and melee
   (+3).
   rC-:       It makes you vulnerable to cold.
   rElec:     It insulates you from electricity.
 K - the +1 cloak of Qocyhuac (worn) {rN+ Will+}
   (You found it on level 2 of the Lair of Beasts)

   rN+:       It protects you from negative energy.
   Will+:     It increases your willpower.
Jewellery
 e - the ring of Oruz Ceh {Ice Fly rElec rPois Str-4 Dex+6}
   (You found it on level 2 of the Dungeon)

   [ring of ice]

   Ice:       It enhances your ice magic.
   Str-4:     It affects your strength (-4).
   Dex+6:     It affects your dexterity (+6).
   rF-:       It makes you vulnerable to fire.
   rC+:       It protects you from cold.
   rElec:     It insulates you from electricity.
   rPois:     It protects you from poison Fly: It grants you flight.
 s - an amulet of reflection (around neck)
 E - a ring of protection from fire
 F - a +6 ring of dexterity (left hand)
 M - a ring of willpower (right hand)
Wands
 j - a wand of roots (39)
 l - a wand of paralysis (4)
 x - a wand of acid (11)
 N - a wand of digging (1)
Scrolls
 c - a scroll of butterflies
 f - 5 scrolls of summoning
 i - 9 scrolls of teleportation
 k - a scroll of enchant armour
 r - 3 scrolls of fog
 v - 2 scrolls of blinking
 w - 4 scrolls of fear
 G - 2 scrolls of immolation
 H - a scroll of poison
 I - 4 scrolls of silence
 O - a scroll of amnesia
 P - 3 scrolls of revelation
 R - a scroll of enchant weapon
 T - 2 scrolls of identify
Potions
 a - 3 potions of berserk rage
 g - 10 potions of curing
 h - 3 potions of ambrosia
 o - 3 potions of might
 p - 3 potions of resistance
 A - 4 potions of haste
 D - 2 potions of heal wounds
 J - 3 potions of enlightenment
 Q - a potion of cancellation
 S - 4 potions of brilliance
Miscellaneous
 t - a condenser vane


   Skills:
 + Level 14.7 Fighting
 - Level 14.0 Polearms
 - Level 5.0 Armour
 - Level 5.0 Dodging
 + Level 13.4 Stealth
 + Level 12.0 Evocations


You had 14 spell levels left.
You didn't know any spells.
Your spell library contained the following spells:

 Spells                   Type           Power      Damage    Failure   Level
 Call Imp                 Summ           0%         N/A       63%         2
 Ensorcelled Hibernation  Hex/Ice        0%         N/A       63%         2
 Lesser Beckoning         Tloc           0%         N/A       63%         2
 Scorch                   Fire           0%         2d5       63%         2
 Sublimation of Blood     Necr           0%         N/A       63%         2
 Gell's Gravitas          Tloc           0%         N/A       86%         3
 Hailstorm                Conj/Ice       0%         3d5       86%         3
 Inner Flame              Hex/Fire       0%         N/A       86%         3
 Passwall                 Erth           0%         N/A       86%         3
 Stone Arrow              Conj/Erth      0%         3d7       86%         3
 Summon Ice Beast         Ice/Summ       0%         N/A       86%         3
 Swiftness                Air            0%         N/A       86%         3
 Teleport Other           Tloc           0%         N/A       86%         3
 Tukima's Dance           Hex            0%         N/A       86%         3
 Animate Armour           Summ/Erth      0%         N/A       99%         4
 Brom's Barrelling Bould  Conj/Erth      0%         2d3       99%         4
 Flame Wave               Conj/Fire      0%         2d4       99%         4
 Passage of Golubria      Tloc           0%         N/A       99%         4
 Sticky Flame             Fire/Alch      0%         2d4       99%         4
 Fireball                 Conj/Fire      0%         3d3       100%        5
 Iskenderun's Battlesphe  Conj           0%         2d6       100%        5
 Yara's Violent Unravell  Hex/Alch       0%         3d3       100%        5
 Conjure Ball Lightning   Conj/Air       0%         3x3d6     100%        6
 Sculpt Simulacrum        Ice/Alch       0%         N/A       100%        6
 Summon Cactus Giant      Summ           0%         N/A       100%        6
 Orb of Destruction       Conj           0%         9d5       100%        7
 Summon Hydra             Summ           0%         N/A       100%        7
 Lehudib's Crystal Spear  Conj/Erth      0%         10d2      100%        8


Dungeon Overview and Level Annotations

Branches:
Dungeon (14/15)            Temple (0/1) D:4            Lair (5/5) D:10
  Swamp (0/4) Lair:2        Snake (0/4) Lair:2        Slime (0/5) Lair:5
    Orc (0/2) D:12         Vaults (0/5) D:13         Bailey (visited)
Volcano (visited)

Altars:
Cheibriados
Ru
Sif Muna
Trog
Uskayaw
Xom
Jiyva

Shops:
D:3 [   D:4 *   D:10 [   D:12 (

Portals:
Trove: D:13 (give horn of Geryon)

Annotations:
Lair:3 3 runed translucent doors, Agrajag's ghost, adept DjCj
Lair:5 1 runed translucent door, Meow's ghost, journeyman NaCj


Innate Abilities, Weirdness & Mutations

You have large cloven feet.
You are mostly covered in yellow scales. (AC +3)
You regenerate a little health from kills.
You are mostly covered in sharp spines.
You have a somewhat thin skeletal structure. (Dex +2, Stealth+)
You are agile. (Dex +4, Str/Int -1)
You possess an exceptional clarity of mind.
Your flesh is very cold resistant. (rC++)
You are strong-willed. (Will+)
You passively map a small area around you.
You are robust. (+10% HP)
You passively dampen the noise of your surroundings.
Your health recovers twice as slowly from being drained.


Message History

You kill the chaos spawn!
The chaos spawn degenerates into a cloud of primal chaos! "See what I see, my child!"
You detect creatures!
The bone dragon attacks as it pursues you!
The bone dragon bites you! The bone dragon claws you!
* * * LOW HITPOINT WARNING * * *
The bone dragon tramples you.
* * * LOW HITPOINT WARNING * * *
You hold your ground!
A tentacle flies out from the starspawn's body!
A starspawn tentacle comes into view.
Okay, then.
Blink to where?
Press: ? - help, Dir - move target
As you read the scroll of blinking, it crumbles to dust.
The chaos spawn is struck by your spines.
The chaos spawn closely misses you.
Your memory of the abyssal rune fades away.
You pass through the gate.
Welcome back to the Dungeon!
The occultist casts a spell at you. The poison arrow hits you!!
You are poisoned.
You partially resist.
* * * LOW HITPOINT WARNING * * *
You feel better.
The chaos spawn is struck by your spines.
The chaos spawn barely misses you.
The occultist casts a spell.
The occultist flickers and vanishes!
Deactivating autopickup; reactivate with Ctrl-A.
The chaos spawn attacks as it pursues you!
The chaos spawn misses you.
You hear some strange, mumbled words.
A poison arrow appears from out of thin air!
The poison arrow hits you!
You are poisoned.
You partially resist.
You die...

* ##....≈≈....#, , *
,,+.'..≈....≈..# * * *
#..§≈..≈≈!.# ######
#..≈≈≈≈≈≈..# ##....# .........{
####### ##.....## *#......#
##.....## #...##..## #....#
##.......## #..###...## #.4..#
##...###.... ####
#.#..####@.####.(.##.##'#.
#.#...###.###...###.)...#.
#.##...##[##...##...#####.
######.''....[......#######....
#......##.)....................
#.......#.........#####........
#.......#........)'...#.......#
#####.#########...#####...#...#
##..#.......###...)....##..##


You could see a chaos spawn.

Vanquished Creatures
  Rupert (D:12)
  Louise (D:14)
  A blizzard demon (Lair:5)
  5 hydras
  2 centaur warriors
  A great orb of eyes (Abyss:3)
  Erica (Lair:2)
  4 two-headed ogres
  An occultist (D:14)
  2 hell knights (D:14)
  2 skysharks
  A deep troll (D:13)
  2 deep elf archers (Volcano)
  7 deep elf pyromancers
  A wolf spider (Lair:5)
  2 necromancers (D:14)
  2 ugly things
  A cyclops (D:13)
  A manticore (D:11)
  A rust devil (D:14)
  5 black mambas (Lair:5)
  15 elephants
  A guardian serpent (Lair:5)
  A gargoyle (D:11)
  An unseen horror (D:13)
  Maggie (Lair:2)
  7 cane toads
  Jeremiah (D:9)
  A hellion (Abyss:4)
  5 rime drakes
  An orange demon (D:14)
  6 komodo dragons
  A kobold demonologist (D:9)
  3 torpor snails (Lair:1)
  2 efreet
  An ancient zyme (Abyss:4)
  A queen bee (Lair:2)
  A merfolk (D:6)
  3 trolls (D:11)
  A tyrant leech (Lair:2)
  Grinder (D:5)
  9 polar bears
  A wind drake (Lair:5)
  4 hornets
  4 raiju (Lair:5)
  10 blink frogs
  8 slime creatures (D:14)
  20 wyverns
  36 yaks
  4 wargs (Lair:5)
  4 steam dragons
  3 basilisks
  5 fire elementals (Volcano)
  4 vampire mosquitoes (D:11)
  3 chaos spawn (Abyss:4)
  4 redbacks (Lair:5)
  3 swamp worms (Lair:2)
  2 acid dragons
  3 nagas
  21 hell hounds
  23 water moccasins
  15 black bears
  6 orc warriors
  4 sky beasts
  A laughing skull (Abyss:3)
  2 ogres
  43 wolves
  4 centaurs
  A phantom (D:6)
  25 bullfrogs
  11 gnoll sergeants
  A scorpion (D:6)
  16 wights
  36 killer bees
  6 howler monkeys
  An electric eel (Lair:1)
  4 hounds
  7 gnoll boudas
  6 orc priests
  8 jellies
  Ijyb (D:5)
  2 hell rats
  4 iguanas
  10 orc wizards
  26 gnolls
  A river rat (Lair:2)
  7 adders
  A shadow imp (D:7)
  A white imp (D:8)
  5 dart slugs
  34 orcs
  7 ball pythons
  6 endoplasms
  A giant cockroach (D:2)
  11 hobgoblins
  8 jackals
  6 quokkas
  2 bats
  2 frilled lizards (D:2)
  8 goblins
  6 kobolds
  6 rats
621 creatures vanquished.

Vanquished Creatures (collateral kills)
  A two-headed ogre (Abyss:3)
  2 hell knights (D:14)
  A rust devil (D:14)
  A troll (D:11)
  A vampire (Abyss:3)
  2 yaks (Lair:5)
  A starspawn tentacle (Abyss:3)
9 creatures vanquished.

Vanquished Creatures (others)
  A dancing weapon (Abyss:3)
  A basilisk (Lair:2)
  2 gnolls
  4 starspawn tentacles
8 creatures vanquished.

Grand Total: 638 creatures vanquished

Notes
Turn   | Place    | Note
-------+----------+-------------------------------------------
     0 | D:1      | PublicAnimeNo1 the Demonspawn Chaos Knight began the quest
                  | for the Orb.
     0 | D:1      | Reached XP level 1. HP: 18/18 MP: 1/1
    77 | D:1      | Reached skill level 1 in Dodging
   178 | D:1      | Gained mutation: You are partially covered in yellow
                  | scales. (AC +2) [demonic ancestry]
   178 | D:1      | Reached XP level 2. HP: 23/24 MP: 2/2
   550 | D:1      | XOM is BORED!
   550 | D:1      | XOM: give mutations
   550 | D:1      | Gained mutation: Your body sometimes deteriorates upon
                  | taking damage. [Xom's mischief]
   550 | D:1      | Gained mutation: You have hidden genetic defects. [Xom's
                  | mischief]
   550 | D:1      | Lost mutation: Your body sometimes deteriorates upon taking
                  | damage. [Xom's mischief]
   550 | D:1      | Gained mutation: You occasionally lose the ability to drink
                  | potions when taking damage. [Xom's mischief]
   647 | D:2      | You fall into a shaft and drop 2 floors!
   675 | D:3      | Reached XP level 3. HP: 7/29 MP: 3/3
   693 | D:3      | Gained mutation: Potions are less effective at restoring
                  | your health. [hidden defects]
   764 | D:2      | Gained mutation: You are occasionally teleported next to
                  | monsters. [hidden defects]
   764 | D:2      | Lost mutation: You have hidden genetic defects. [hidden
                  | defects expressed]
   858 | D:2      | Identified the ring of Oruz Ceh {Ice Fly rElec rPois Str-4
                  | Dex+6}
  1036 | D:2      | Gained mutation: You are partially covered in sharp spines.
                  | [demonic ancestry]
  1036 | D:2      | Reached XP level 4. HP: 34/35 MP: 4/4
  1047 | D:2      | Identified the +0 mace "Qubyur" {freeze, Str+2}
  1288 | D:2      | XOM: god gift: scroll labelled DUTTEN TINEY {god gift}
  1769 | D:3      | Found Rajaggedgh's Armour Shoppe.
  1862 | D:3      | Found a bloodstained altar of Trog.
  1871 | D:3      | Found a hide-covered altar of Uskayaw.
  1991 | D:3      | Found a faded altar of an unknown god.
  2135 | D:4      | XOM: butterfly on damage
  2137 | D:4      | Reached XP level 5. HP: 31/42 MP: 5/5
  2221 | D:4      | Found Cafel's Assorted Antiques.
  2224 | D:4      | Bought a distressingly furry scale mail for 198 gold pieces
  2224 | D:4      | Identified the +1 scale mail of the Great Game {rF+ Str+3}
                  | (You bought it in a shop on level 4 of the Dungeon)
  2623 | D:4      | Found a staircase to the Ecumenical Temple.
  2750 | D:4      | XOM: cloud trail
  2787 | D:5      | Entered Level 5 of the Dungeon
  2787 | D:5      | Noticed an ogre
  2847 | D:5      | Noticed Grinder
  2866 | D:5      | Reached XP level 6. HP: 48/48 MP: 6/6
  2871 | D:5      | XOM: divination: detect items
  2879 | D:5      | Killed Grinder
  2970 | D:5      | Reached skill level 5 in Polearms
  2977 | D:5      | XOM: potion effect (haste)
  2982 | D:5      | Reached XP level 7. HP: 33/55 MP: 7/7
  2987 | D:5      | XOM: silly message
  2994 | D:5      | Lost mutation: You are occasionally teleported next to
                  | monsters. [potion of mutation]
  2994 | D:5      | Lost mutation: Potions are less effective at restoring your
                  | health. [potion of mutation]
  2994 | D:5      | Lost mutation: You occasionally lose the ability to drink
                  | potions when taking damage. [potion of mutation]
  2994 | D:5      | Gained mutation: You passively dampen the noise of your
                  | surroundings. [potion of mutation]
  2994 | D:5      | Gained mutation: Your flesh is cold resistant. (rC+)
                  | [potion of mutation]
  2994 | D:5      | Gained mutation: You passively map a small area around you.
                  | [potion of mutation]
  2996 | D:5      | XOM: silly message
  3074 | D:5      | XOM: silly message
  3160 | D:5      | Noticed Ijyb
  3181 | D:5      | Killed Ijyb
  3191 | D:5      | XOM: silly message
  3202 | D:5      | XOM: silly message
  3403 | D:5      | XOM: potion effect (brilliance)
  3827 | D:6      | Noticed a yak
  3827 | D:6      | Noticed a yak
  3831 | D:6      | a yak changed into a merfolk
  3831 | D:6      | Noticed a merfolk
  3831 | D:6      | XOM: polymorph yak -> merfolk
  3837 | D:6      | XOM: enchant monster (bad)
  3838 | D:6      | XOM: blink monster(s)
  3846 | D:6      | XOM: noise
  3849 | D:6      | XOM: divination: detect items
  3852 | D:6      | Killed a merfolk
  3853 | D:6      | Reached skill level 5 in Fighting
  3853 | D:6      | Gained mutation: You regenerate a little health from kills.
                  | [demonic ancestry]
  3853 | D:6      | Reached XP level 8. HP: 15/62 MP: 8/8
  3887 | D:6      | XOM: 1-stop teleportation journey
  4015 | D:6      | XOM: enchant monster (good)
  4034 | D:6      | XOM: 1-stop teleportation journey
  4169 | D:6      | XOM: give mutations
  4169 | D:6      | Gained mutation: Your magical capacity is low. (-10% MP)
                  | [Xom's mischief]
  4169 | D:6      | Lost mutation: Your magical capacity is low. (-10% MP)
                  | [Xom's mischief]
  4342 | D:6      | an ice beast changed into a komodo dragon
  4342 | D:6      | Noticed a komodo dragon
  4342 | D:6      | XOM: polymorph ice beast -> komodo dragon
  4343 | D:6      | XOM: 2-stop teleportation journey
  4380 | D:6      | Reached skill level 5 in Armour
  4391 | D:6      | Reached XP level 9. HP: 53/69 MP: 9/9
  4398 | D:6      | XOM: stat loss: -1 Int (12/13)
  4404 | D:6      | Reached skill level 1 in Stealth
  4481 | D:6      | XOM: stat loss: -1 Str (16/17)
  4587 | D:6      | Reached skill level 5 in Dodging
  5316 | D:7      | XOM: summons 5 hostile demons
  5317 | D:7      | Noticed an ice devil
  5320 | D:7      | XOM: stat loss: -1 Str (16/17)
  5360 | D:7      | XOM: summons 1 hostile demon
  5361 | D:7      | Noticed a rust devil
  5399 | D:7      | XOM: draining
  5832 | D:8      | XOM: swap monsters
  5835 | D:8      | XOM: polymorph orc -> jelly
  6040 | D:8      | Gained mutation: You are mostly covered in yellow scales.
                  | (AC +3) [demonic ancestry]
  6040 | D:8      | Reached XP level 10. HP: 63/79 MP: 10/10
  6645 | D:8      | XOM: give mutations
  6645 | D:8      | Lost mutation: You passively map a small area around you.
                  | [Xom's mischief]
  6645 | D:8      | Gained mutation: You are agile. (Dex +4, Str/Int -1) [Xom's
                  | mischief]
  6645 | D:8      | Gained mutation: You are weak. (Str -2) [Xom's mischief]
  6645 | D:8      | Gained mutation: Your flesh is very cold resistant. (rC++)
                  | [Xom's mischief]
  6667 | D:9      | Noticed Jeremiah
  6668 | D:9      | XOM: confuse monster(s)
  6671 | D:9      | Killed Jeremiah
  6690 | D:9      | Noticed a two-headed ogre
  6696 | D:9      | XOM: potion effect (brilliance)
  6703 | D:9      | Killed a two-headed ogre
  6704 | D:9      | Reached skill level 10 in Polearms
  6704 | D:9      | Reached skill level 5 in Stealth
  6707 | D:9      | XOM: enchant monster (good)
  6789 | D:9      | XOM: cloud trail
  6917 | D:9      | Noticed a centaur warrior
  6934 | D:9      | Killed a centaur warrior
  6977 | D:9      | Found a flagged portal.
  6983 | Bailey   | Entered a bailey
  6990 | Bailey   | XOM: confuse monster(s)
  7038 | Bailey   | XOM: confuse monster(s)
  7082 | Bailey   | Gained mutation: You are mostly covered in sharp spines.
                  | [demonic ancestry]
  7082 | Bailey   | Reached XP level 11. HP: 87/87 MP: 11/11
  7215 | Bailey   | XOM: summons friendly iron imp
  7216 | Bailey   | XOM: smoke on damage
  7222 | Bailey   | Reached skill level 1 in Evocations
  7821 | D:10     | Entered Level 10 of the Dungeon
  7872 | D:10     | Noticed a two-headed ogre
  7874 | D:10     | XOM: cast spell 'Metabolic Englaciation'
  7883 | D:10     | Banished a two-headed ogre
  7889 | D:10     | Found a staircase to the Lair.
  7999 | D:10     | XOM: 2-stop teleportation journey
  8180 | D:10     | Identified the orb "Trusted Companion" {guile, rElec rC-
                  | Slay+3}
  8225 | D:10     | XOM: 1-stop teleportation journey
  8307 | D:10     | Noticed a two-headed ogre
  8308 | D:10     | Noticed a two-headed ogre
  8312 | D:10     | Banished a two-headed ogre
  8315 | D:10     | XOM: chaos cloud
  8317 | D:10     | Killed a two-headed ogre
  8423 | D:10     | Found Heeschewe's Armour Emporium.
  8684 | Lair:1   | Entered Level 1 of the Lair of Beasts
  8727 | Lair:1   | XOM: give mutations
  8727 | Lair:1   | Lost mutation: You passively dampen the noise of your
                  | surroundings. [Xom's mischief]
  8727 | Lair:1   | Gained mutation: You occasionally lose the ability to read
                  | scrolls when taking damage. [Xom's mischief]
  8727 | Lair:1   | Gained mutation: You are somewhat resistant to further
                  | mutation. [Xom's mischief]
  8728 | Lair:1   | XOM: give mutations
  8728 | Lair:1   | Gained mutation: Your magical capacity is low. (-10% MP)
                  | [Xom's mischief]
  8728 | Lair:1   | Lost mutation: You are weak. (Str -2) [Xom's mischief]
  8728 | Lair:1   | Lost mutation: Your flesh is very cold resistant. (rC++)
                  | [Xom's mischief]
  8766 | Lair:1   | XOM: 2-stop teleportation journey
  8814 | Lair:1   | XOM: give mutations
  8814 | Lair:1   | Gained mutation: You have a pair of small horns on your
                  | head. [Xom's grace]
  8814 | Lair:1   | Gained mutation: You possess an exceptional clarity of
                  | mind. [Xom's grace]
  8814 | Lair:1   | Gained mutation: You are robust. (+10% HP) [Xom's grace]
  8892 | Lair:1   | XOM: potion effect (attraction)
  9017 | Lair:1   | XOM: potion effect (attraction)
  9054 | Lair:1   | Reached XP level 12. HP: 106/106 MP: 10/10
  9061 | Lair:1   | Found a snail-covered altar of Cheibriados.
  9141 | Lair:1   | XOM: potion effect (brilliance)
  9231 | Lair:1   | Reached skill level 10 in Fighting
  9307 | Lair:1   | XOM: summons 12 friendly demons
  9618 | Lair:2   | Found a staircase to the Snake Pit.
  9618 | Lair:2   | Noticed Maggie
  9647 | Lair:2   | Killed Maggie
  9648 | Lair:2   | Reached skill level 5 in Evocations
  9722 | Lair:2   | XOM: enchant monster (bad)
  9753 | Lair:2   | XOM: summons 12 friendly demons
  9760 | Lair:2   | XOM: blink monster(s)
  9764 | Lair:2   | XOM: 1-stop teleportation journey
  9777 | Lair:2   | XOM: enchant monster (good)
  9794 | Lair:2   | Identified the +1 cloak of Qocyhuac {rN+ Will+}
  9846 | Lair:2   | Noticed a six-headed hydra
  9863 | Lair:2   | Found a dark tunnel.
  9869 | Lair:2   | Killed a six-headed hydra
  9879 | Volcano  | Entered a volcano
  9960 | Volcano  | XOM: blink monster(s)
 10009 | Volcano  | XOM: cast spell 'Alistair's Intoxication'
 10065 | Volcano  | XOM: 4-stop teleportation journey
 10114 | Volcano  | XOM: confuse monster(s)
 10288 | Lair:2   | Reached XP level 13. HP: 115/115 MP: 11/11
 10416 | Lair:2   | XOM: potion effect (haste)
 10447 | Lair:2   | XOM: enchant monster (good)
 10537 | Lair:2   | Noticed Erica
 10551 | Lair:2   | Killed Erica
 10687 | Lair:2   | Found a staircase to the Swamp.
 11230 | Lair:2   | XOM: god gift: 876 gold pieces
 11506 | Lair:3   | XOM: cloud trail
 11912 | Lair:3   | XOM: give mutations
 11912 | Lair:3   | Lost mutation: You have a pair of small horns on your head.
                  | [Xom's mischief]
 11912 | Lair:3   | Gained mutation: You passively dampen the noise of your
                  | surroundings. [Xom's mischief]
 11912 | Lair:3   | Lost mutation: You are somewhat resistant to further
                  | mutation. [Xom's mischief]
 11937 | Lair:3   | XOM: give mutations
 11937 | Lair:3   | Gained mutation: You have a pair of small horns on your
                  | head. [Xom's grace]
 11937 | Lair:3   | Gained mutation: You expend magic power (3 MP) to
                  | strengthen your wands. [Xom's grace]
 11937 | Lair:3   | Gained mutation: You passively map a small area around you.
                  | [Xom's grace]
 11943 | Lair:3   | Found a runed translucent gate.
 11944 | Lair:3   | Found a runed translucent gate.
 11945 | Lair:3   | Found a runed translucent gate.
 11976 | Lair:3   | Noticed a minotaur
 12010 | Lair:3   | Reached skill level 10 in Stealth
 12010 | Lair:3   | XOM: swap monsters
 12071 | Lair:3   | Noticed Agrajag's ghost (adept DjCj)
 12259 | Lair:4   | XOM: destruction
 12672 | Lair:4   | XOM: scenery: create altars
 12673 | Lair:4   | XOM: divine lightning
 12725 | Lair:4   | XOM: cast spell 'Summon Small Mammal'
 12764 | Lair:4   | XOM: god gift: javelin
 12765 | Lair:4   | XOM: enchant monster (good)
 13183 | Lair:5   | XOM: noise
 13183 | Lair:5   | Entered Level 5 of the Lair of Beasts
 13188 | Lair:5   | XOM: cleaving
 13295 | Lair:5   | Found a viscous altar of Jiyva.
 13296 | Lair:5   | Found a staircase to the Slime Pits.
 13334 | Lair:5   | XOM: god gift: plate armour {god gift}
 13338 | Lair:5   | XOM: give mutations
 13338 | Lair:5   | Lost mutation: Your magical capacity is low. (-10% MP)
                  | [Xom's grace]
 13338 | Lair:5   | Gained mutation: Your natural rate of healing is unusually
                  | fast. [Xom's grace]
 13338 | Lair:5   | Gained mutation: Your flesh is very cold resistant. (rC++)
                  | [Xom's grace]
 13338 | Lair:5   | Gained mutation: You are strong-willed. (Will+) [Xom's
                  | grace]
 13370 | Lair:5   | Reached XP level 14. HP: 123/127 MP: 14/14
 13453 | Lair:5   | XOM: divination: detect items
 13494 | Lair:5   | XOM: confuse monster(s)
 13502 | Lair:5   | XOM: 8-stop teleportation journey
 13585 | Lair:5   | XOM: potion effect (invisibility)
 13652 | Lair:5   | XOM: summons friendly iron imp
 13654 | Lair:5   | XOM: enchant monster (bad)
 13664 | Lair:5   | XOM: silly message
 13670 | Lair:5   | XOM: blink monster(s)
 13683 | Lair:5   | XOM: polymorph wyvern -> wind drake
 13684 | Lair:5   | XOM: enchant monster (bad)
 13693 | Lair:5   | XOM: silly message
 13703 | Lair:5   | XOM: give mutation
 13703 | Lair:5   | Lost mutation: Your natural rate of healing is unusually
                  | fast. [Xom's mischief]
 13729 | Lair:5   | XOM: give mutations
 13729 | Lair:5   | Lost mutation: Your flesh is very cold resistant. (rC++)
                  | [Xom's mischief]
 13729 | Lair:5   | Lost mutation: You expend magic power (3 MP) to strengthen
                  | your wands. [Xom's mischief]
 13729 | Lair:5   | Gained mutation: Your flesh is very cold resistant. (rC++)
                  | [Xom's mischief]
 13729 | Lair:5   | Gained mutation: Your health recovers twice as slowly from
                  | being drained. [Xom's mischief]
 13964 | Lair:5   | XOM: polymorph hell hog -> blizzard demon
 13998 | Lair:5   | XOM: give mutations
 13998 | Lair:5   | Gained mutation: You have a somewhat thin skeletal
                  | structure. (Dex +2, Stealth+) [Xom's mischief]
 13998 | Lair:5   | Lost mutation: You occasionally lose the ability to read
                  | scrolls when taking damage. [Xom's mischief]
 13998 | Lair:5   | Lost mutation: You have a pair of small horns on your head.
                  | [Xom's mischief]
 13999 | Lair:5   | Reached skill level 10 in Evocations
 14063 | Lair:5   | XOM: enchant monster (bad)
 14090 | Lair:5   | XOM: smoke on damage
 14093 | Lair:5   | XOM: polymorph hell hound -> efreet
 14127 | Lair:5   | XOM: enchant monster (good)
 14344 | Lair:5   | Found a runed translucent door.
 14345 | Lair:5   | Noticed Meow's ghost (journeyman NaCj)
 14369 | Lair:5   | XOM: scenery: summon butterflies
 14981 | D:11     | XOM: confuse monster(s)
 15014 | D:11     | XOM: cast spell 'Summon Mana Viper'
 15359 | D:12     | XOM: noise
 15364 | D:12     | Found Keuwniem's Weapon Boutique.
 15381 | D:12     | Found a staircase to the Orcish Mines.
 15485 | D:12     | Noticed Rupert
 15492 | D:12     | Killed Rupert
 15878 | D:12     | Found a shimmering blue altar of Sif Muna.
 15976 | D:13     | XOM: scenery: summon butterflies
 15983 | D:13     | XOM: swap monsters
 15994 | D:13     | Gained mutation: You have large cloven feet. [demonic
                  | ancestry]
 15994 | D:13     | Reached XP level 15. HP: 138/138 MP: 15/15
 16004 | D:13     | Found a gate to the Vaults.
 16099 | D:13     | Found a portal to a secret trove of treasure.
 16204 | D:13     | XOM: 5-stop teleportation journey
 16233 | D:13     | XOM: blink monster(s)
 16242 | D:13     | XOM: blink monster(s)
 16904 | D:14     | Identified the +7 rapier of the Furious {freeze, ^Fragile
                  | rPois MP+9 Str+5}
 16917 | D:14     | Found a sacrificial altar of Ru.
 16937 | D:14     | Noticed Louise
 16950 | D:14     | Killed Louise
 16970 | D:14     | XOM: summons 6 hostile demons
 17325 | D:14     | XOM: swap monsters
 17492 | D:14     | Found a runed translucent door.
 17960 | D:14     | XOM: god gift: 951 gold pieces
 17972 | D:14     | XOM: destruction
 17999 | D:14     | XOM: fog
 18237 | Abyss:3  | Cast into level 3 of the Abyss (an occultist)
 18268 | Abyss:3  | XOM: destruction
 18281 | Abyss:3  | XOM: divination: detect creatures
 18335 | Abyss:3  | XOM: god gift: wand of roots (5)
 18358 | Abyss:3  | XOM: god gift: scroll of summoning
 18366 | Abyss:3  | Noticed a tentacled starspawn
 18388 | Abyss:3  | Noticed a daeva
 18411 | Abyss:4  | Found a corrupted altar of Lugonu.
 18439 | Abyss:4  | Noticed a bone dragon
 18466 | Abyss:4  | XOM: divination: detect creatures
 18493 | Abyss:4  | Found a corrupted altar of Lugonu.
 18493 | Abyss:4  | XOM: confuse monster(s)
 18496 | Abyss:4  | Noticed a tentacled starspawn
 18512 | Abyss:4  | XOM: divination: detect creatures
 18515 | D:14     | Escaped the Abyss
 18515 | D:14     | HP: 5/139 [occultist/poison arrow (21)]
 18517 | D:14     | Killed from afar by an occultist

Illustrated notes

Levels and vault maps discovered:
D:1:      eino_arrival_water_cross, layout_basic
D:2:      layout_loops_ring, chequers_serial_rivers_room_a, roderic_lattice_a
D:3:      layout_basic, mainiacjoe_overflow_swirl, serial_shops,
          nicolae_shop_behind_doors, shapermc_ecumenical_altar_mp_urbaneastern
D:4:      layout_basic, minmay_temple_entry_glassed_door, serial_shops,
          nicolae_shop_behind_doors
D:5:      layout_loops_cross, grunt_decor_mini_mirrors, minmay_misc_feat_tower,
          uniq_ijyb, uniq_grinder
D:6:      layout_basic
D:7:      layout_basic
D:8:      black_bear_nest_2, layout_basic, zin_statuary
D:9:      layout_cave_pools, enter_bailey_4, serial_column_ruins,
          column_ruins_square_small, column_ruins_columns_straight,
          column_ruins_grid_1, column_ruins_corridor_corner,
          column_ruins_corridor_straight, column_ruins_grid_3,
          column_ruins_columns_straight, uniq_jeremiah
D:10:     layout_loops_ring, due_lair_maze_entry_diamond, serial_shops, shop
D:11:     layout_cave_pools
D:12:     layout_loops_ring, david_orc_2, serial_shops, shop, led_sif_pool,
          uniq_rupert
D:13:     layout_long_grid, david_vaults_4, nicolae_trove_entry_columns
D:14:     mludivico_vault, layout_basic, nicolae_ru_sacrificial_ziggurat,
          uniq_louise
Lair:1:   layout_regular_city, kennysheep_snail_temple, serial_bayou_shore_a
Lair:2:   regret_index_bee_streams, layout_cellular_growth,
          minmay_swamp_entry_worms, nicolae_snake_entry_squirm, enter_volcano_4,
          beast_lair_carwin_8, infiniplex_staircase_pool, serial_bayou_shore_b,
          uniq_erica, uniq_maggie
Lair:3:   layout_regular_city, maelrawn_ghost_gauntlet_escape,
          chequers_serial_rivers_marsh
Lair:4:   layout_cave_pods, grunt_megastairs_4, lemuel_fruit_fields
Lair:5:   hangedman_lair_caniforms_friends, layout_gridlike,
          hangedman_lair_tendril_chambers, slime_entry_2,
          ebering_ghost_inner_flame, lemuel_fruit_tree

Skill      XL: |  1  2  3  4  5  6  7  8  9 10 11 12 13 14 15 |
---------------+----------------------------------------------+-----
Dodging        | 1 2 3 4 5 |  5.0
Armour         | 2 3 4 5 |  5.0
Polearms       | 3 4 5 6 7 9 10 12 13 14 | 14.0
Fighting       | 4 5 6 7 8 9 10 12 14 | 14.7
Stealth        | 4 6 7 9 10 12 13 | 13.4
Evocations     | 4 6 8 11 12 | 12.0

Action                     |  1- 3 |  4- 6 |  7- 9 | 10-12 | 13-15 || total
---------------------------+-------+-------+-------+-------+-------++-------
  Melee: Spear             |    97 |   103 |       |       |       ||   200
         Punch             |       |     4 |     4 |     3 |       ||    11
         Trident           |       |    92 |   337 |   608 |  1027 ||  2064
         Headbutt          |       |       |       |    43 |    98 ||   141
  Evoke: Wand              |       |       |     3 |     8 |    25 ||    36
    Use: Potion            |     1 |     1 |     3 |     5 |     1 ||    11
         Scroll            |       |     9 |    10 |     5 |     6 ||    30
   Stab: Held in net/web   |       |     1 |       |       |       ||     1
         Sleeping          |       |       |     1 |    11 |    31 ||    43
         Confused          |       |       |       |     7 |     5 ||    12
         Paralysed         |       |       |       |     2 |     9 ||    11
         Distracted        |       |       |       |     2 |     8 ||    10
         Invisible         |       |       |       |       |    12 ||    12
 Armour: Leather armour    |    27 |    24 |       |       |       ||    51
         Scale mail        |       |    57 |    25 |    28 |       ||   110
         Ring mail         |       |       |   145 |   222 |   414 ||   781
         Skin              |       |       |       |    47 |       ||    47
  Dodge: Dodged            |    41 |    56 |   135 |   207 |   310 ||   749
  Block: Other             |       |       |    13 |    50 |       ||    63

Table legend: (Time is in decaauts)
 A = Elapsed time spent in this place.
 B = Non-inter-level travel time spent in this place.
 C = Inter-level travel time spent in this place.
 D = Time resting spent in this place.
 E = Time spent auto-exploring this place.
 F = Levels seen in this place.
 G = Mean time per level.
                   A        B        C        D        E       F      G
               +--------+--------+--------+--------+--------+-----+--------+
         Total |  17917 |  17409 |    508 |   1520 |  11573 |  23 |  779.0 |
       Dungeon |  11499 |  11195 |    304 |   1274 |   7672 |  14 |  821.4 |
          Lair |   5438 |   5234 |    204 |     92 |   3749 |   5 | 1087.6 |
         Abyss |    246 |    246 |      0 |     26 |      0 |   2 |  123.0 |
        Bailey |    435 |    435 |      0 |     67 |    123 |   1 |  435.0 |
       Volcano |    298 |    298 |      0 |     60 |     29 |   1 |  298.0 |
               +--------+--------+--------+--------+--------+-----+--------+

Top non-repeatable levels by time:
    D:14: 1383 daAuts
  Lair:5: 1350 daAuts
  Lair:2: 1263 daAuts
     D:7: 1046 daAuts
     D:5: 1004 daAuts
  Lair:3: 970 daAuts
  Lair:1: 930 daAuts
  Lair:4: 923 daAuts
     D:8: 888 daAuts
     D:6: 876 daAuts
    D:10: 846 daAuts
    D:13: 830 daAuts
     D:2: 766 daAuts
     D:4: 730 daAuts
     D:9: 680 daAuts
